 Dungeon Crawl Stone Soup version 0.28-a0-1084-ga282ea246d (webtiles) character file.

Game seed: 15251181121432457189

11 BinkBink the Cutter (level 2, -1/24 HPs)
             Began as a Demonspawn Chaos Knight on Dec 10, 2021.
             Was a Plaything of Xom.
             Slain by a killer bee (5 damage)
             ... on level 1 of the Dungeon.
             The game lasted 00:00:44 (350 turns).

BinkBink the Cutter (Demonspawn Chaos Knight)        Turns: 350, Time: 00:00:45

Health: -1/24      AC:  5    Str: 12    XL:     2   Next: 17%
Magic:  2/2        EV: 16    Int: 13    God:    Xom [..*...]
Gold:   10         SH:  0    Dex: 12    Spells: 1/1 levels left

rFire   . . .      SeeInvis .   a - +0 short sword (chaos)
rCold   . . .      Faith    .   (no shield)
rNeg    . . .      Spirit   .   b - +2 leather armour
rPois   .          Reflect  .   (no helmet)
rElec   .          Harm     .   (no cloak)
rCorr   .          Rampage  .   (no gloves)
Will    .....                   (no boots)
Stlth   +.........              (no amulet)
HPRegen 0.08/turn               (no ring)
MPRegen 0.08/turn               (no ring)

@: agile
A: powered by pain 1
a: Renounce Religion


You were on level 1 of the Dungeon.
You worshipped Xom.
You were a toy of Xom.
You visited 1 branch of the dungeon, and saw 1 of its levels.

You collected 10 gold pieces.

Inventory:

Hand Weapons
 a - a +0 short sword of chaos (weapon)
Armour
 b - a +2 leather armour (worn)


   Skills:
 + Level 3.1 Fighting
 + Level 3.1 Short Blades
 + Level 1.9 Armour
 + Level 0.8 Dodging


You had one spell level left.
You didn't know any spells.
Your spell library was empty.

Dungeon Overview and Level Annotations

Branches:
Dungeon (1/15)

Altars:


Innate Abilities, Weirdness & Mutations

You sometimes gain a little power by taking damage.


Message History

You kill the bat!
The bat hits you but does no damage.
You miss the bat. The bat closely misses you.
You hit the bat.
The bat evaporates and reforms as a killer bee!
The killer bee is moderately wounded.
The killer bee stings you.
You barely miss the killer bee.
The killer bee is moderately wounded.
The killer bee completely misses you. The killer bee barely misses you.
You closely miss the killer bee.
The killer bee is moderately wounded.
The killer bee stings you.
You are poisoned.
The killer bee poisons you! The killer bee barely misses you.
You are too injured to fight recklessly!
You feel sick. The killer bee stings you!
* * * LOW HITPOINT WARNING * * *
You focus on the pain.
You feel agile all of a sudden.
You see here an amethyst potion.
Unknown command.
Unknown command.
It was a potion of curing.
You feel better.
Xom thinks this is hilarious!
The killer bee misses you. x2
The killer bee misses you.
You hit the killer bee. You burn the killer bee.
The killer bee is heavily wounded.
The killer bee misses you. The killer bee completely misses you.
You closely miss the killer bee.
The killer bee is heavily wounded.
The killer bee barely misses you. The killer bee stings you!
* * * LOW HITPOINT WARNING * * *
You hit the killer bee but do no damage.
The killer bee suddenly seems more agile.
The killer bee is heavily wounded.
The killer bee closely misses you. The killer bee stings you.
You die...
Xom is highly amused!

#...#
########.#.#
#...†......#
#.######.###
#.# #.# #.#
#.# #@#
####y#######
#.?.J.......
#.##)#######
# #.# ...
... .....
.....


You could see a killer bee (agile) and an endoplasm.

Vanquished Creatures
  2 hobgoblins (D:1)
  3 jackals (D:1)
  A kobold (D:1)
  2 bats (D:1)
  2 rats (D:1)
10 creatures vanquished.

Notes
Turn   | Place    | Note
-------+----------+-------------------------------------------
     0 | D:1      | BinkBink the Demonspawn Chaos Knight began the quest for
                  | the Orb.
     0 | D:1      | Reached XP level 1. HP: 18/18 MP: 1/1
   141 | D:1      | XOM: divination: detect items
   184 | D:1      | XOM: butterfly on damage
   190 | D:1      | Gained mutation: You sometimes gain a little power by
                  | taking damage. [demonic ancestry]
   190 | D:1      | Reached XP level 2. HP: 13/24 MP: 2/2
   342 | D:1      | Noticed a killer bee
   342 | D:1      | a bat changed into a killer bee
   345 | D:1      | HP: 1/24 [killer bee (8)]
   350 | D:1      | Slain by a killer bee

Illustrated notes

Levels and vault maps discovered:
D:1:      dpeg_arrival_boxorama, layout_loops_ring, minmay_shallow_snake_nest

Skill      XL: |  1 |
---------------+----+-----
Short Blades   | 3 |  3.1
Fighting       | |  3.1
Armour         | |  1.9
Dodging        | |  0.8

Action                   || total
-------------------------++-------
Melee: Short sword       ||    48
  Use: Potion            ||     1
Armor: Leather armour    ||    20
Dodge: Dodged            ||    28

Table legend: (Time is in decaauts)
 A = Elapsed time spent in this place.
 B = Non-inter-level travel time spent in this place.
 C = Inter-level travel time spent in this place.
 D = Time resting spent in this place.
 E = Time spent auto-exploring this place.
 F = Levels seen in this place.
 G = Mean time per level.
                   A        B        C        D        E       F      G
               +--------+--------+--------+--------+--------+-----+--------+
         Total |    346 |    346 |      0 |      0 |    268 |   1 |  346.0 |
       Dungeon |    346 |    346 |      0 |      0 |    268 |   1 |  346.0 |
               +--------+--------+--------+--------+--------+-----+--------+

Top non-repeatable levels by time:
     D:1: 346 daAuts
